 Dungeon Crawl Stone Soup version 0.29-a0-541-gaf1fc19f1b (webtiles) character file.

Game seed: 4983633128289983667

63 grumblor the Skirmisher (level 4, -1/24 HPs)
             Began as a Vine Stalker Fighter on June 3, 2022.
             Succumbed to Sigmund's poison
             ... on level 2 of the Dungeon.
             The game lasted 00:01:15 (1380 turns).

grumblor the Skirmisher (Vine Stalker Fighter)      Turns: 1380, Time: 00:01:16

Health: -1/24      AC:  7    Str: 21    XL:     4   Next: 10%
Magic:  2/5        EV:  9    Int:  8    God:
Gold:   71         SH:  4    Dex: 13    Spells: 3/3 levels left

rFire   . . .      SeeInvis .   a - +0 war axe
rCold   . . .      Faith    .   c - +0 buckler
rNeg    . . .      Spirit   +   b - +0 scale mail
rPois   .          Reflect  .   e - +0 helmet
rElec   .          Harm     .   (no cloak)
rCorr   .          Rampage  .   (no gloves)
Will    .....                   (no boots)
Stlth   ..........              (no amulet)
HPRegen 0.88/turn               (no ring)
MPRegen 0.09/turn               (no ring)

@: lethally poisoned (-1 -> -7), flying
A: fangs 2, regeneration 1, magic shield, antimagic bite, no potion heal 2
a: no special abilities


You were on level 2 of the Dungeon.
You visited 1 branch of the dungeon, and saw 2 of its levels.

You collected 71 gold pieces.

Inventory:

Hand Weapons
 a - a +0 war axe (weapon)
Missiles
 j - 6 poisoned darts (quivered)
Armour
 b - a +0 scale mail (worn)
 c - a +0 buckler (worn)
 e - a +0 helmet (worn)
Scrolls
 f - a scroll of immolation
 g - a scroll of identify
Potions
 d - a potion of might


   Skills:
 * Level 3.3 Fighting
 + Level 2.4 Axes
 + Level 2.7 Armour
 * Level 1.0 Dodging
 + Level 2.9 Shields


You had 3 spell levels left.
You didn't know any spells.
Your spell library was empty.

Dungeon Overview and Level Annotations

Branches:
Dungeon (2/15)

Altars:

Annotations:
D:2 Sigmund


Innate Abilities, Weirdness & Mutations

You have extremely sharp teeth.
Your natural rate of healing is unusually fast.
When hurt, damage is shared between your health and your magic reserves.
Your bite disrupts and absorbs the magic of your enemies.
Potions cannot restore your health.


Message History

Found a stone staircase leading down.
No target in view!
You now have 71 gold pieces (gained 11).
There is a stone staircase leading down here.
Sigmund the Dreaded comes into view.
He is wielding a +1 scythe of venom.
Sigmund is nearby!
Sigmund gestures at you while chanting. The puff of flame hits you.
Sigmund is nearby!
You barely miss Sigmund. Your bite misses Sigmund. Sigmund barely misses you.
Sigmund is nearby!
You closely miss Sigmund. Sigmund closely misses you.
You slash Sigmund! Your bite misses Sigmund.
Sigmund is moderately wounded.
Sigmund hits you with a +1 scythe of venom.
You are poisoned.
You slash Sigmund! Your bite misses Sigmund.
Sigmund is almost dead.
You feel very sick.
Sigmund hits you with a +1 scythe of venom.
You are more poisoned.
You closely miss Sigmund. You bite Sigmund, but do no damage.
Sigmund is almost dead.
You feel very sick. You block Sigmund's attack.
You barely miss Sigmund.
Sigmund is almost dead.
You feel very sick.
Sigmund hits you with a +1 scythe of venom!
* * * LOW HITPOINT WARNING * * *
Unknown command.
It was a potion of flight.
You feel very buoyant.
You fly up into the air.
* * * LOW HITPOINT WARNING * * *
You feel sick.
Sigmund hits you with a +1 scythe of venom.
You are more poisoned.
It was a potion of heal wounds.
That seemed strangely inert.
You die...

# ######## ###
#......# .. .##
#.####.# #.# #.##
#@# #.# #.# #.##
#@# #.# #.# #.##
#.# #.# #.# #.#<
#.# #.###.####...
#.# #>...........
#.#######.........
..#...............
#.#.############.#
#.....


You could see Sigmund.

Vanquished Creatures
  Robin (D:2)
  An adder (D:2)
  A worm (D:2)
  A ball python (D:1)
  A bat (D:2)
  4 endoplasms
  2 giant cockroaches (D:2)
  11 goblins
  4 hobgoblins (D:2)
  4 quokkas
  A frilled lizard (D:2)
  3 rats
34 creatures vanquished.

Notes
Turn   | Place    | Note
-------+----------+-------------------------------------------
     0 | D:1      | grumblor the Vine Stalker Fighter began the quest for the
                  | Orb.
     0 | D:1      | Reached XP level 1. HP: 11/11 MP: 2/2
   317 | D:1      | Reached XP level 2. HP: 16/16 MP: 3/3
   757 | D:2      | Reached skill level 3 in Fighting
   790 | D:2      | Noticed Robin
   806 | D:2      | Reached XP level 3. HP: 18/20 MP: 4/4
   841 | D:2      | Killed Robin
  1261 | D:2      | Gained mutation: Your natural rate of healing is unusually
                  | fast. [Vine Stalker growth]
  1261 | D:2      | Reached XP level 4. HP: 20/24 MP: 5/5
  1324 | D:2      | Reached skill level 1 in Dodging
  1370 | D:2      | Noticed Sigmund
  1380 | D:2      | Succumbed to Sigmund's poison

Illustrated notes

Levels and vault maps discovered:
D:1:      minmay_arrival_glassed_features, layout_basic
D:2:      layout_basic, minmay_close_crescents, uniq_sigmund, uniq_robin

Skill      XL: |  1  2  3  4 |
---------------+-------------+-----
Fighting       | 3 |  3.3
Axes           | 2 |  2.4
Dodging        | 1 |  1.0
Armour         | |  2.7
Shields        | |  2.9

Action                   |  1- 3 |  4- 6 || total
-------------------------+-------+-------++-------
Melee: War axe           |    69 |    11 ||    80
       Bite              |    12 |     3 ||    15
  Use: Scroll            |     3 |       ||     3
       Potion            |       |     2 ||     2
Armor: Scale mail        |    30 |     2 ||    32
Dodge: Dodged            |    27 |     6 ||    33
Block: Buckler           |    14 |     1 ||    15

Table legend: (Time is in decaauts)
 A = Elapsed time spent in this place.
 B = Non-inter-level travel time spent in this place.
 C = Inter-level travel time spent in this place.
 D = Time resting spent in this place.
 E = Time spent auto-exploring this place.
 F = Levels seen in this place.
 G = Mean time per level.
                   A        B        C        D        E       F      G
               +--------+--------+--------+--------+--------+-----+--------+
         Total |   1415 |   1389 |     26 |      0 |   1159 |   2 |  707.5 |
       Dungeon |   1415 |   1389 |     26 |      0 |   1159 |   2 |  707.5 |
               +--------+--------+--------+--------+--------+-----+--------+

Top non-repeatable levels by time:
     D:1: 736 daAuts
     D:2: 678 daAuts
